 Dungeon Crawl Stone Soup version 0.31-a0-851-g7ff8af7976 (webtiles) character file.

Game seed: 10638111714918591052

3484 Pixllover the Cleaver (level 9, 0/83 HPs)
             Began as a Minotaur Monk on Oct 6, 2023.
             Slain by a steam dragon (5 damage)
             ... on level 8 of the Dungeon.
             The game lasted 00:14:46 (6588 turns).

Pixllover the Cleaver (Minotaur Monk)               Turns: 6588, Time: 00:14:47

Health: 0/83       AC:  8    Str: 25    XL:     9   Next: 79%
Magic:  8/8        EV: 19    Int:  7    God:
Gold:   343        SH:  0    Dex: 16    Spells: 8/8 levels left

rFire   . . .        a - +0 hand axe
rCold   . . .        d - orb {light}
rNeg    + . .        h - +0 ring mail
rPois   .            (helmet restricted)
rElec   .            t - +2 cloak
rCorr   .            A - +1 pair of gloves {Dex+3}
SInv    .            (no boots)
Will    .....        (no amulet)
Stlth   +            m - ring "Remeves" {rN+ Will- Str+5}
HPRegen 0.33/turn    n - +5 ring of evasion
MPRegen 0.11/turn

%: no passive effects
@: corroded, glowing, studying Dodging
A: horns 2, retaliatory headbutt
a: no special abilities


You were on level 8 of the Dungeon.
You visited 1 branch of the dungeon, and saw 8 of its levels.
You also visited: Sewer.

You collected 362 gold pieces.
You spent 19 gold pieces at shops.

Inventory:

Hand Weapons
 a - a +0 hand axe (weapon)
 C - a +4 heavy dire flail
Missiles
 p - 6 poisoned darts (quivered)
 s - 5 javelins
Armour
 d - an orb of light (worn)
 h - a +0 ring mail (worn)
 t - a +2 cloak (worn)
 A - a +1 pair of gloves of dexterity (worn)
Jewellery
 m - the ring "Remeves" (left hand) {rN+ Will- Str+5}
   (You found it on level 2 of the Dungeon)

   [ring of positive energy]

   Str+5:     It affects your strength (+5).
   rN+:       It protects you from negative energy.
   Will-:     It decreases your willpower.
 n - a +5 ring of evasion (right hand)
 y - a ring of protection from cold
 E - a +4 ring of protection
Wands
 l - a wand of polymorph (8)
 F - a wand of charming (12)
 G - a wand of acid (13)
Scrolls
 g - 5 scrolls of teleportation
 j - 2 scrolls of blinking
 k - 4 scrolls of poison
 o - a scroll of immolation {unknown}
 q - a scroll of fear {unknown}
 r - 2 scrolls of fog
 w - 2 scrolls of enchant weapon {unknown}
 D - a scroll of butterflies
 H - a scroll of revelation
Potions
 b - 3 potions of might
 c - 3 potions of ambrosia
 e - a potion of berserk rage {unknown}
 f - 2 potions of curing
 i - 2 potions of attraction
 u - 3 potions of enlightenment
 v - 3 potions of haste
 x - a potion of mutation {unknown}
 z - a potion of resistance {unknown}
 B - a potion of lignification
 I - a potion of degeneration {unknown}


   Skills:
 * Level 9.0 Fighting
 + Level 11.2 Axes
 + Level 0.8 Throwing
 + Level 7.1 Armour
 + Level 7.0 Dodging
 + Level 1.5 Stealth


You had 8 spell levels left.
You didn't know any spells.
Your spell library contained the following spells:

 Spells                   Type           Power      Damage    Failure   Level
 Stone Arrow              Conj/Erth      0%         3d7       90%         3
 Volatile Blastmotes      Fire/Tloc      0%         2d10      90%         3
 Animate Armour           Summ/Erth      0%         N/A       100%        4
 Fulminant Prism          Conj/Hex       0%         3d5       100%        4
 Iskenderun's Mystic Bla  Conj/Tloc      0%         2d3       100%        4
 Conjure Ball Lightning   Conj/Air       0%         3x3d6     100%        6
 Discord                  Hex            0%         N/A       100%        8
 Disjunction              Tloc           0%         N/A       100%        8
 Lehudib's Crystal Spear  Conj/Erth      0%         10d2      100%        8


Dungeon Overview and Level Annotations

Branches:
Dungeon (8/15)             Temple (0/1) D:5           Sewer (visited)
   Lair: D:8-11

Altars:
Kikubaaqudgha
Ru
Uskayaw

Shops:
D:2 (   D:5 *:

Annotations:
D:4 2 runed translucent doors


Innate Abilities, Weirdness & Mutations

You have a pair of horns on your head.
You reflexively headbutt those who attack you in melee.


Message History

The steam dragon breathes steam at you. The ball of steam hits you!
* * * LOW HITPOINT WARNING * * *
You feel better.
You are engulfed in a cloud of scalding steam.
* * * LOW HITPOINT WARNING * * *
The steam dragon misses you. The steam dragon closely misses you.
The acid dragon bites you but does no damage.
The acid dragon misses you.
You completely miss the acid dragon.
You headbutt the acid dragon, but do no damage.
The acid dragon is almost dead.
You slash the steam dragon!
You are engulfed in a cloud of scalding steam.
The steam dragon closely misses you. The steam dragon claws you.
* * * LOW HITPOINT WARNING * * *
The acid dragon spits acid at you. The splash of acid misses you.
You hit the acid dragon but do no damage.
The acid dragon is almost dead.
You hit the steam dragon but do no damage.
The steam dragon completely misses you. The steam dragon barely misses you.
The acid dragon misses you. The acid dragon closely misses you.
You barely miss the acid dragon.
You headbutt the acid dragon, but do no damage.
The acid dragon is almost dead.
You barely miss the steam dragon. You barely miss the acid dragon.
You headbutt the acid dragon, but do no damage.
The acid dragon is almost dead.
You hit the steam dragon. The steam dragon closely misses you.
The steam dragon completely misses you. The acid dragon misses you.
The acid dragon completely misses you.
You hit the acid dragon but do no damage.
The acid dragon is almost dead.
You hit the steam dragon but do no damage.
The acid dragon misses you. The acid dragon closely misses you.
The steam dragon closely misses you. You furiously retaliate!
You headbutt the steam dragon! The steam dragon claws you.
You die...

#########
#DD.....+
#@#.#####
#.#D.#
#.##.####
#.##..§§#
##.##...§D§..
#...######...
#...# ##
#...# #.###


You could see a steam dragon and an acid dragon (catching breath).

Vanquished Creatures
  Pikel (D:5)
  A hornet (D:8)
  5 yaks (D:5)
  Menkaure (D:5)
  A water moccasin (D:6)
  A black bear (D:4)
  A sky beast (D:4)
  2 ice beasts
  2 phantoms
  3 lemures (D:5)
  3 bullfrogs
  4 scorpions
  4 wights (D:8)
  4 howler monkeys
  3 jellies
  5 hounds
  3 iguanas
  Natasha (D:3)
  Ijyb (D:5)
  Robin (D:2)
  3 gnolls (D:6)
  16 adders
  4 river rats (Sewer)
  A shadow imp (D:4)
  3 worms (D:3)
  A dart slug (D:2)
  2 orcs
  19 ball pythons
  6 bats
  8 endoplasms
  7 giant cockroaches
  9 hobgoblins
  A jackal (D:4)
  5 quokkas
  9 frilled lizards
  11 goblins
  8 kobolds
  39 rats
199 creatures vanquished.

Vanquished Creatures (others)
  A gnoll (D:8)
1 creature vanquished.

Grand Total: 200 creatures vanquished

Notes
Turn   | Place    | Note
-------+----------+-------------------------------------------
     0 | D:1      | Pixllover the Minotaur Monk began the quest for the Orb.
     0 | D:1      | Reached XP level 1. HP: 19/19 MP: 0/0
   354 | D:1      | Reached XP level 2. HP: 27/27 MP: 1/1
   416 | D:1      | Reached skill level 4 in Axes
   790 | D:2      | Noticed Sigmund
   791 | D:2      | Noticed Robin
  1017 | D:2      | Found a faded altar of an unknown god.
  1023 | D:2      | Identified the ring "Remeves" {rN+ Will- Str+5}
  1057 | D:2      | Sigmund changed into Sigmund the giant cockroach
  1057 | D:2      | Noticed Sigmund
  1058 | D:2      | Killed Sigmund the giant cockroach
  1174 | D:2      | Found Cinigo Roesch's Antique Weapon Shoppe.
  1203 | D:2      | Reached skill level 1 in Armour
  1203 | D:2      | Reached XP level 3. HP: 28/33 MP: 2/2
  1276 | D:2      | Killed Robin
  1387 | D:2      | Reached XP level 4. HP: 38/41 MP: 3/3
  1707 | D:3      | Reached skill level 5 in Axes
  1953 | D:3      | Found a glowing drain.
  1959 | Sewer    | Entered a sewer
  2046 | Sewer    | Reached XP level 5. HP: 45/47 MP: 4/4
  2209 | Sewer    | Reached XP level 6. HP: 34/55 MP: 5/5
  2212 | Sewer    | Reached skill level 6 in Axes
  2515 | D:3      | Noticed Natasha
  2520 | D:3      | Killed Natasha
  2521 | D:3      | Reached skill level 5 in Fighting
  2945 | D:4      | Found a large runed translucent door.
  2945 | D:4      | Found a large runed translucent door.
  2956 | D:4      | Found a large runed translucent door.
  2956 | D:4      | Found a large runed translucent door.
  3091 | D:4      | Reached XP level 7. HP: 61/61 MP: 6/6
  3193 | D:4      | Reached skill level 7 in Axes
  3405 | D:4      | Found a sacrificial altar of Ru.
  3975 | D:5      | Entered Level 5 of the Dungeon
  3991 | D:5      | Noticed Menkaure
  4000 | D:5      | Killed Menkaure
  4001 | D:5      | Reached skill level 8 in Axes
  4001 | D:5      | Reached skill level 5 in Armour
  4001 | D:5      | Reached skill level 5 in Dodging
  4001 | D:5      | Reached XP level 8. HP: 43/70 MP: 7/7
  4045 | D:5      | Found Zoxt's Tremendous Tomes.
  4117 | D:5      | Noticed Pikel
  4147 | D:5      | Killed Pikel
  4148 | D:5      | Reached skill level 9 in Axes
  4148 | D:5      | Reached skill level 1 in Stealth
  4393 | D:5      | Found Tiaphexe's CLEARANCE SALE!.
  4393 | D:5      | Noticed Ijyb
  4398 | D:5      | Killed Ijyb
  4412 | D:5      | Bought a scroll of identify for 4 gold pieces
  4412 | D:5      | Bought a scroll of blinking for 15 gold pieces
  4600 | D:5      | Reached XP level 9. HP: 73/79 MP: 8/8
  4616 | D:5      | Reached skill level 10 in Axes
  4788 | D:5      | Found a staircase to the Ecumenical Temple.
  4803 | D:5      | Identified the +6 falchion "Pioclyoh" {vamp, Dex+2}
  4910 | D:5      | You fall into a shaft and drop 2 floors!
  4910 | D:7      | Found an ancient bone altar of Kikubaaqudgha.
  6512 | D:8      | Reached skill level 11 in Axes
  6524 | D:8      | Found a hide-covered altar of Uskayaw.
  6582 | D:8      | HP: 4/83 [steam dragon/ball of steam (14)]
  6588 | D:8      | Slain by a steam dragon

Illustrated notes

Levels and vault maps discovered:
D:1:      eino_arrival_water_star, layout_loops_cross, roderic_lattice_a
D:2:      layout_loops_ring, serial_shops, shop_statue,
          ebering_ecumenical_altar_webs, uniq_sigmund, uniq_robin
D:3:      layout_basic, portal_sewer_entry_e, nicolae_titane, uniq_natasha
D:4:      layout_cave_pods, mainiacjoe_overflow_surrounded_room,
          minmay_hollow_rounded_squares
D:5:      layout_loops_corners, minmay_temple_entry_offerings,
          serial_bayou_pond_a, nicolae_shop_i_like_big_books,
          nicolae_shop_clearance, uniq_ijyb, uniq_pikel, uniq_menkaure
D:6:      layout_cave_pools, roderic_roman_lattice
D:7:      layout_loops_ring, kiku_gazebo_pond_becter, serial_bayou_pond_e,
          nicolae_underground_beach
D:8:      minmay_angry_zag, layout_basic, mainiacjoe_overflow_cross_hatched,
          nicolae_overflow_hidden_temple, uniq_psyche

Skill      XL: |  1  2  3  4  5  6  7  8  9 |
---------------+----------------------------+-----
Axes           | 4 5 6 8 9 11 | 11.2
Fighting       | 4 5 6 7 9 |  9.0
Armour         | 1 2 4 5 6 7 |  7.1
Dodging        | 4 5 6 7 |  7.0
Stealth        | 1 |  1.5
Throwing       | |  0.8

Action                     |  1- 3 |  4- 6 |  7- 9 || total
---------------------------+-------+-------+-------++-------
  Melee: Hand axe          |    64 |   147 |   228 ||   439
         Headbutt          |    10 |    22 |    61 ||    93
  Throw: Dart              |       |       |     2 ||     2
  Evoke: Wand              |     1 |       |       ||     1
         Box of beasts     |       |       |     1 ||     1
    Use: Scroll            |     2 |     5 |     6 ||    13
         Potion            |       |       |     4 ||     4
 Armour: Ring mail         |    42 |    82 |   102 ||   226
         Robe              |     1 |       |       ||     1
  Dodge: Dodged            |    47 |    98 |   212 ||   357

Table legend: (Time is in decaauts)
 A = Elapsed time spent in this place.
 B = Non-inter-level travel time spent in this place.
 C = Inter-level travel time spent in this place.
 D = Time resting spent in this place.
 E = Time spent auto-exploring this place.
 F = Levels seen in this place.
 G = Mean time per level.
                   A        B        C        D        E       F      G
               +--------+--------+--------+--------+--------+-----+--------+
         Total |   6607 |   6312 |    295 |    342 |   3883 |   9 |  734.1 |
       Dungeon |   6136 |   5841 |    295 |    201 |   3807 |   8 |  767.0 |
         Sewer |    470 |    470 |      0 |    141 |     75 |   1 |  470.0 |
               +--------+--------+--------+--------+--------+-----+--------+

Top non-repeatable levels by time:
     D:5: 1188 daAuts
     D:4: 1096 daAuts
     D:1: 852 daAuts
     D:3: 808 daAuts
     D:2: 794 daAuts
     D:7: 662 daAuts
     D:6: 655 daAuts
   Sewer: 470 daAuts
     D:8: 78 daAuts
